 Dungeon Crawl Stone Soup version 0.21-a0-265-gb353147 (webtiles) character file.

97893 nochill the Ripper (level 15, -22/82 HPs)
             Began as a Felid Berserker on Sept 10, 2017.
             Was a High Priest of Trog.
             Blown up by an orb spider (62 damage)
             ... with an orb of destruction
             ... on level 2 of the Spider Nest.
             The game lasted 01:17:16 (39089 turns).

nochill the Ripper (Felid Berserker)               Turns: 39089, Time: 01:17:17

Health: -22/82     AC:  3    Str: 21    XL:     15   Next: 36%
Magic:  24/24      EV: 33    Int:  8    God:    Trog [*****.]
Gold:   696        SH:  4    Dex: 20    Spells: 14/14 levels left
                                        Lives:  0   Deaths: 3

rFire    . . .     SeeInvis +     - Unarmed
rCold    + . .     Gourm    .   (shield unavailable)
rNeg     + . .     Faith    .   (armour unavailable)
rPois    +         Spirit   .   (helmet unavailable)
rElec    .         Reflect  .   (cloak unavailable)
rCorr    .         Harm     .   (gloves unavailable)
MR       +....                  (boots unavailable)
Stlth    ++++++++..             q - amulet of rage
HPRegen  0.23/turn              I - ring of flight
MPRegen  0.19/turn              H - ring "Doodd" {rPois rN+ MR- Str+5 Slay+3}

@: berserk cooldown, slowed, slow
A: no armour, no weapons or thrown items, stealth, claws 1, fangs 3, large bone
plates 1, see invisible, carnivore 3, speed 1, robust 1, shaggy fur 3, slow
metabolism 1, sharp paws
}: 1/15 runes: decaying
a: Berserk, Trog's Hand, Brothers in Arms, Burn Spellbooks, Renounce Religion,
Evoke Berserk Rage, Evoke Flight


You were on level 2 of the Spider Nest.
You worshipped Trog.
Trog was extremely pleased with you.
You were not hungry.

You visited 5 branches of the dungeon, and saw 29 of its levels.
You visited 1 bazaar.

You collected 2506 gold pieces.
You spent 1810 gold pieces at shops.

Inventory:

Jewellery
 k - a +2 ring of protection
 n - an uncursed ring of fire
 p - a +2 ring of intelligence {unknown}
 q - an amulet of rage (around neck)
 x - an uncursed amulet of harm
 D - an uncursed ring of see invisible
 H - the ring "Doodd" (right paw) {rPois rN+ MR- Str+5 Slay+3}
   (You found it on level 6 of the Lair of Beasts)

   [ring of slaying]

   It affects your strength (+5).
   It affects your accuracy and damage with ranged weapons and melee attacks
   (+3).
   It protects you from poison.
   It protects you from negative energy.
   It affects your resistance to hostile enchantments.
 I - a ring of flight (left paw)
Wands
 b - a wand of iceblast (7/15)
 h - a wand of disintegration (2/24)
 s - a wand of iceblast (0/15)
 v - a wand of confusion (41/48)
 y - a wand of confusion (13/48)
 B - a wand of random effects (39/48)
 C - a wand of polymorph (16/24)
 E - a wand of flame (31/48)
 G - a wand of polymorph (19/24)
 J - a wand of scattershot (4/9)
 K - a wand of lightning (8/15)
 M - a wand of random effects (26/48)
 N - a wand of iceblast (4/15)
 P - a wand of lightning (5/15)
 Q - a wand of scattershot (3/9)
 V - a wand of random effects (7/48)
 W - a wand of paralysis (7/24)
 Y - a wand of polymorph (9/24)
Scrolls
 c - 4 scrolls of fear
 d - 2 scrolls of random uselessness
 e - 9 scrolls of remove curse
 f - 3 scrolls of fog
 o - 10 scrolls of enchant weapon
 A - a scroll of magic mapping
 L - 4 scrolls of identify
 O - 3 scrolls of summoning
 R - a scroll of vulnerability
 S - 6 scrolls of teleportation
Potions
 i - 8 potions of flight
 j - 4 potions of degeneration
 l - 2 potions of brilliance
 m - 2 potions of cancellation
 r - 3 potions of lignification
 t - 3 potions of curing
 u - 3 potions of mutation
 w - a potion of ambrosia
 z - 7 potions of might
 Z - a potion of magic
Miscellaneous
 F - a lightning rod (4/4)
 U - a phial of floods
Comestibles
 a - 14 meat rations
 g - 19 royal jellies


   Skills:
 + Level 13.6 Fighting
 + Level 16.5 Dodging
 + Level 18.0 Stealth
 * Level 18.1 Unarmed Combat
 + Level 11.5 Evocations


You had 14 spell levels left.
You didn't know any spells.

Dungeon Overview and Level Annotations

Branches:
Dungeon (15/15)            Temple (0/1) D:7            Lair (6/6) D:11
  Swamp (4/4) Lair:2       Spider (2/4) Lair:4        Slime (0/5) Lair:6
    Orc (2/2) D:12            Elf (0/3) Orc:2        Vaults (0/5) D:14
 Depths (0/5) D:15

Altars:
Ashenzari
Cheibriados
Okawaru
Qazlal
Trog
Yredelemnul
Beogh

Shops:
D:5 *   D:12 *   D:15 [   Orc:1 *   Orc:2 ([!?

Annotations:
D:11 exclusion: 2 oklob plants
Lair:2 exclusion: oklob plant
Swamp:1 exclusion: Roxanne, Roxanne


Innate Abilities, Weirdness & Mutations

You cannot wear armour.
You are incapable of wielding weapons or throwing items.
Your paws allow you to move quietly. (Stealth)
You have sharp claws.
You have razor-sharp teeth.
You have supernaturally acute eyesight. (SInv)
You are carnivorous and can eat meat at any time.
You cover ground quickly.
Your thick and shaggy fur keeps you warm. (AC +3, rC+)
You have a slow metabolism.
Your sharp claws are effective at attacking unaware monsters.
You are partially covered in large bone plates. (SH +4)
You are robust. (+10% HP)


Message History

You closely miss the tarantella. You bite the tarantella!
The tarantella is severely wounded.
The jumping spider leaps!
The tarantella bites you!
You are confused.
The orb spider weaves a glowing orb of energy.
An orb of destruction comes into view.
Unknown command.
You're too confused to move!
The tarantella closely misses you. The tarantella completely misses you.
The tarantella misses you.
Unknown command.
You feel a strong urge to attack something.
You are no longer berserk.
You are exhausted.
You feel yourself slow down.
Things that are here:
a tarantella corpse; an entropy weaver corpse Unknown command.
You feel better. The orb of destruction hits you!
Ouch! That really hurt!
You die...

##......#....!..
#........#......
#...............
#............§.....
#.........#s.......
#..(...s...§....s.$
#.......s§§........
#......@§..#.......
#.......s§.........
#..................
#......%...........
#....<....<........
#....##............
#..................
#..................
#..................


You could see an orb spider, 2 tarantellas and a redback.

Vanquished Creatures
  Frances (Swamp:1)
  Gastronok (D:8)
  4 thorn hunters
  Louise (Spider:1)
  An orc warlord (Orc:2)
  An emperor scorpion (Spider:1)
  A stone giant (Orc:1)
  An entropy weaver (Spider:2)
  2 green draconians (Swamp:1)
  Azrael (D:13)
  Erolcha (D:11)
  A fire dragon (Lair:6)
  A ghost crab (Swamp:2)
  A vault guard (D:14)
  17 hydras
  5 centaur warriors
  6 alligators
  The ghost of Kite the Archer, a novice CeHu of Okawaru (D:8)
  7 two-headed ogres
  Urug (Lair:2)
  2 orc high priests
  3 tengu warriors
  Sonja (D:14)
  6 spriggans
  The ghost of inure the Fighter, a novice DsWn of Fedhas (D:9)
  A skeletal warrior (D:15)
  4 swamp dragons (Swamp:4)
  4 unseen horrors
  A lindwurm (Lair:6)
  A phantasmal warrior (D:15)
  A wolf spider zombie (D:13)
  A necromancer (D:15)
  7 orc knights
  A shambling mangrove (Swamp:2)
  4 ugly things
  A stone giant zombie (D:15)
  4 wolf spiders
  4 deep elf magi
  3 manticores
  4 orc sorcerers
  5 centaur zombies
  3 cyclopes
  15 elephants
  A moth of wrath (Spider:1)
  8 black mambas
  3 centaur skeletons
  Maurice (D:9)
  3 molten gargoyles (Lair:6)
  7 spiny frogs
  A gargoyle (D:12)
  5 kobold demonologists
  A spriggan zombie (D:15)
  4 yaktaurs (D:15)
  2 demonic crawlers (Spider:2)
  10 komodo dragons
  10 trolls
  A guardian mummy (D:15)
  4 jumping spiders (Spider:1)
  A bog body (Swamp:3)
  3 tyrant leeches
  Grinder (D:6)
  5 blink frogs (Lair:6)
  12 hornets
  9 hippogriffs
  14 slime creatures
  An ice dragon zombie (D:15)
  A deep troll zombie (D:15)
  18 redbacks
  10 tarantellas
  A vampire (D:13)
  35 yaks
  A wraith (D:14)
  Eustachio (D:4)
  3 shadows
  5 fire elementals (D:13)
  7 wyverns
  21 vampire mosquitoes
  5 steam dragons
  3 wargs
  14 insubstantial wisps
  An acid dragon (D:12)
  15 swamp worms
  12 water moccasins
  5 hell hounds
  2 soldier ants (D:12)
  5 porcupines
  2 ice beasts
  13 swamp drakes
  31 orc warriors
  4 sky beasts
  2 eyes of draining
  4 ogres
  5 phantoms
  2 black bears
  7 necrophages
  7 wolves (Lair:2)
  5 centaurs
  9 crocodiles
  2 big kobolds (D:15)
  16 bullfrogs
  A wyvern zombie (D:13)
  2 elf skeletons (D:14)
  3 scorpions
  A water moccasin skeleton (D:6)
  3 killer bees (D:13)
  12 wights
  4 howler monkeys
  2 crimson imps
  3 lava snakes (Lair:6)
  7 hounds
  14 jellies
  3 quasits
  2 bullfrog skeletons
  20 orc priests
  25 orc wizards
  A human skeleton (D:14)
  2 human zombies (D:14)
  3 iguanas
  6 worker ants
  A hound skeleton (D:7)
  3 mummies (D:14)
  3 worker ant zombies (D:8)
  15 adders
  3 gnolls (Orc:2)
  4 shadow imps
  2 oozes
  An adder zombie (D:9)
  3 dart slugs (D:2)
  6 leopard geckos
  77 orcs
  4 ball pythons
  5 giant cockroaches
  3 goblins
  7 hobgoblins
  10 jackals
  6 quokkas
  2 bats
  2 frilled lizards
  7 kobolds
  An orc zombie (D:14)
  2 quokka skeletons
  5 rats
  A fungus (Lair:6)
  A plant (D:11)
801 creatures vanquished.

Vanquished Creatures (collateral kills)
  Rupert (Orc:2)
  A thorn hunter (Swamp:4)
  7 vault guards (D:14)
  9 hydras
  An alligator (Swamp:2)
  6 swamp dragons
  3 ugly things (D:15)
  2 wolf spiders (Spider:2)
  2 spiny frogs
  A troll (Orc:2)
  2 tyrant leeches
  3 hornets
  A bog body (Swamp:2)
  2 hippogriffs (Lair:6)
  3 spriggans
  A basilisk (Lair:6)
  9 vampire mosquitoes
  3 swamp worms
  3 insubstantial wisps (Swamp:1)
  A hell hound (Lair:6)
  3 swamp drakes
  8 orc warriors
  A crocodile (Lair:6)
  2 wights (D:12)
  An orc wizard (Orc:2)
  2 orc priests (Orc:2)
  4 orcs
82 creatures vanquished.

Vanquished Creatures (others)
  13 fungi
  7 plants
20 creatures vanquished.

Grand Total: 903 creatures vanquished

Notes
Turn   | Place    | Note
-------+----------+-------------------------------------------
     0 | D:1      | nochill the Felid Berserker began the quest for the Orb.
     0 | D:1      | Reached XP level 1. HP: 10/10 MP: 2/2
   410 | D:1      | Reached XP level 2. HP: 14/14 MP: 3/3
  1276 | D:2      | Reached skill level 1 in Stealth
  1473 | D:2      | Reached XP level 3. HP: 17/17 MP: 4/4
  2059 | D:3      | Found an iron altar of Okawaru.
  2247 | D:3      | Reached ** piety under Trog
  2350 | D:3      | Reached XP level 4. HP: 21/21 MP: 5/5
  3497 | D:4      | Reached XP level 5. HP: 24/24 MP: 6/6
  3804 | D:4      | Noticed Eustachio
  3821 | D:4      | Killed Eustachio
  3821 | D:4      | Reached skill level 5 in Dodging
  3821 | D:4      | Reached skill level 5 in Unarmed Combat
  3821 | D:4      | Gained mutation: You are covered in thick fur. (AC +2) [Felid growth]
  3821 | D:4      | Reached XP level 6. HP: 25/28 MP: 7/7
  4144 | D:5      | Entered Level 5 of the Dungeon
  4491 | D:5      | Found Kongaoqe's General Store.
  4500 | D:5      | Bought a scroll of identify for 22 gold pieces
  4582 | D:5      | Noticed an ice beast
  4596 | D:5      | Killed an ice beast
  4596 | D:5      | Reached XP level 7. HP: 30/33 MP: 8/8
  5578 | D:6      | Noticed Grinder
  5579 | D:6      | Killed Grinder
  5579 | D:6      | Reached skill level 5 in Fighting
  5579 | D:6      | Reached skill level 5 in Stealth
  5598 | D:6      | Reached XP level 8. HP: 36/37 MP: 9/9
  5744 | D:6      | Reached *** piety under Trog
  5793 | D:6      | Found a stormy altar of Qazlal.
  6609 | D:7      | Found a staircase to the Ecumenical Temple.
  7368 | D:7      | Noticed a hornet
  7383 | D:7      | Killed a hornet
  7383 | D:7      | Reached XP level 9. HP: 18/41 MP: 10/10
  8028 | D:8      | Noticed Gastronok
  8052 | D:8      | Killed Gastronok
  8303 | D:8      | Noticed Kite's ghost (novice CeHu)
  8322 | D:8      | Killed Kite's ghost
  8322 | D:8      | Reached XP level 10. HP: 28/47 MP: 11/11
  8656 | D:8      | Noticed a two-headed ogre
  8671 | D:8      | Noticed an unseen horror
  8684 | D:8      | Killed a two-headed ogre
  8684 | D:8      | Reached skill level 10 in Unarmed Combat
  8689 | D:8      | Killed an unseen horror
  8689 | D:8      | Reached skill level 10 in Dodging
  8689 | D:8      | Reached skill level 10 in Stealth
  9319 | D:9      | Noticed a cyclops
  9327 | D:9      | HP: 1/70 [cyclops (23)]
  9329 | D:9      | Killed a cyclops
  9352 | D:8      | Gained mutation: You are robust. (+10% HP) [potion of mutation]
  9352 | D:8      | Gained mutation: You are partially covered in large bone plates. (SH +4) [potion of mutation]
  9822 | D:9      | Noticed inure's ghost (novice DsWn)
  9830 | D:9      | Killed inure's ghost
 10252 | D:9      | Noticed Maurice
 10272 | D:9      | Killed Maurice
 10723 | D:10     | Entered Level 10 of the Dungeon
 10896 | D:10     | Noticed an unseen horror
 10903 | D:10     | Killed an unseen horror
 10903 | D:10     | Reached XP level 11. HP: 56/56 MP: 12/12
 10907 | D:10     | Reached **** piety under Trog
 11322 | D:10     | Noticed a centaur warrior
 11337 | D:10     | Killed a centaur warrior
 11985 | D:10     | Noticed a two-headed ogre
 11988 | D:10     | Killed a two-headed ogre
 12584 | D:11     | Noticed an oklob plant
 12588 | D:11     | Found a staircase to the Lair.
 12593 | D:11     | Noticed an oklob plant
 12613 | Lair:1   | Entered Level 1 of the Lair of Beasts
 13570 | Lair:2   | Reached skill level 1 in Evocations
 14080 | Lair:2   | Noticed Urug
 14100 | Lair:2   | Killed Urug
 14290 | Lair:2   | Gained mutation: Your thick and shaggy fur keeps you warm. (AC +3, rC+) [Felid growth]
 14290 | Lair:2   | Reached XP level 12. HP: 62/62 MP: 14/14
 14486 | Lair:2   | Noticed a four-headed hydra
 14529 | Lair:2   | Found a staircase to the Swamp.
 14533 | Lair:2   | Noticed a six-headed hydra
 16115 | Lair:3   | Reached skill level 10 in Fighting
 16650 | Lair:4   | Noticed a seven-headed hydra
 16659 | Lair:4   | Killed a seven-headed hydra
 16828 | Lair:4   | Noticed a six-headed hydra
 16836 | Lair:4   | Killed a six-headed hydra
 16873 | Lair:4   | Noticed a six-headed hydra
 16897 | Lair:4   | Found a hole to the Spider Nest.
 16912 | Lair:4   | Killed a six-headed hydra
 16912 | Lair:4   | Reached skill level 5 in Evocations
 16992 | Lair:4   | Noticed a five-headed hydra
 17001 | Lair:4   | Killed a five-headed hydra
 17150 | Lair:4   | Reached XP level 13. HP: 68/68 MP: 17/17
 18328 | Lair:6   | Entered Level 6 of the Lair of Beasts
 18446 | Lair:6   | Found a staircase to the Slime Pits.
 18472 | Lair:6   | Reached ***** piety under Trog
 19597 | Lair:6   | Noticed a fire dragon
 20110 | Lair:6   | Slain by a komodo dragon
 20111 | Lair:6   | Reached XP level 12. HP: -3/64 MP: 18/18
 20229 | Lair:6   | Found a large runed door.
 20233 | Lair:6   | Found a large runed door.
 20387 | Lair:6   | Killed a fire dragon
 20395 | Lair:6   | Got a coiled silver ring
 20429 | Lair:6   | Identified the ring "Doodd" {rPois rN+ MR- Str+5 Slay+3} (You found it on level 6 of the Lair of Beasts)
 21007 | D:11     | Noticed a centaur warrior
 21014 | D:11     | Killed a centaur warrior
 21022 | D:11     | Reached XP level 13. HP: 69/69 MP: 19/19
 21454 | D:11     | Noticed Erolcha
 21461 | D:11     | Killed Erolcha
 22149 | D:12     | Found a staircase to the Orcish Mines.
 22312 | Orc:1    | Entered Level 1 of the Orcish Mines
 22807 | Orc:1    | Reached skill level 15 in Unarmed Combat
 22890 | Orc:1    | Noticed a stone giant
 22907 | Orc:1    | Killed a stone giant
 23043 | Orc:1    | Found Lesaykh's General Store.
 23074 | Orc:1    | Bought a scroll of teleportation for 42 gold pieces
 23074 | Orc:1    | Bought a scroll of teleportation for 42 gold pieces
 23074 | Orc:1    | Bought a potion of might for 56 gold pieces
 23074 | Orc:1    | Bought a scroll of fear for 49 gold pieces
 23313 | Orc:2    | Entered Level 2 of the Orcish Mines
 23396 | Orc:2    | Found a roughly hewn altar of Beogh.
 23417 | Orc:2    | Reached skill level 15 in Stealth
 23874 | Orc:2    | Noticed an orc warlord
 23904 | Orc:2    | Killed an orc warlord
 23952 | Orc:2    | Found a roughly hewn altar of Beogh.
 23968 | Orc:2    | Found Jilof's Magic Scroll Boutique.
 24020 | Orc:2    | Bought a scroll of teleportation for 33 gold pieces
 24131 | Orc:2    | Noticed Rupert
 24143 | Orc:2    | Killed Rupert
 24190 | Orc:2    | Found a roughly hewn altar of Beogh.
 24246 | Orc:2    | Found a roughly hewn altar of Beogh.
 24725 | Orc:2    | Found Xyeparocw's Antique Weapon Emporium.
 24726 | Orc:2    | Found a roughly hewn altar of Beogh.
 24727 | Orc:2    | Found Liju's Antique Armour Shoppe.
 24832 | Orc:2    | Found a roughly hewn altar of Beogh.
 24890 | Orc:2    | Found Sast's Distillery.
 24959 | Orc:2    | Found a staircase to the Elven Halls.
 24962 | Orc:2    | Found a bloodstained altar of Trog.
 24979 | Orc:2    | Found a roughly hewn altar of Beogh.
 25136 | D:12     | Found Puas's Elemental Accessories.
 25144 | D:12     | Bought a wand of scattershot (3/9) for 210 gold pieces
 25172 | D:12     | Reached XP level 14. HP: 73/73 MP: 21/21
 25517 | D:12     | Paralysed by a hornet for 3 turns
 26568 | D:13     | Found a flickering gateway to a bazaar.
 26576 | Bazaar   | Entered a bazaar
 26581 | Bazaar   | Found Tamiqeutt's Distillery.
 26585 | Bazaar   | Found Sutut's Antique Armour Emporium.
 26599 | Bazaar   | Found Roaniesy's Antique Armour Boutique.
 26608 | Bazaar   | Found Xiakead's Armour Boutique.
 26646 | Bazaar   | Bought a potion of curing for 42 gold pieces
 26646 | Bazaar   | Bought a potion of curing for 42 gold pieces
 26646 | Bazaar   | Bought a potion of experience for 700 gold pieces
 26646 | Bazaar   | Reached XP level 15. HP: 79/79 MP: 22/22
 27020 | D:13     | Reached ****** piety under Trog
 27386 | D:13     | Noticed Azrael
 27407 | D:13     | Killed Azrael
 27626 | D:14     | Found a basalt altar of Yredelemnul.
 27680 | D:14     | Noticed Sonja
 27698 | D:14     | Killed Sonja
 27698 | D:14     | Reached skill level 15 in Dodging
 28412 | D:14     | Found a gate to the Vaults.
 28687 | D:15     | Entered Level 15 of the Dungeon
 28878 | D:15     | Found a shattered altar of Ashenzari.
 28926 | D:15     | Found Zitielucw's Antique Armour Shoppe.
 29354 | D:15     | Reached skill level 10 in Evocations
 29481 | D:15     | Found a staircase to the Depths.
 30502 | Orc:2    | Bought a scroll of acquirement for 572 gold pieces
 31103 | Lair:2   | Reached XP level 16. HP: 84/84 MP: 24/24
 31168 | Swamp:1  | Entered Level 1 of the Swamp
 31325 | Swamp:1  | Noticed a thorn hunter
 31353 | Swamp:1  | Killed a thorn hunter
 31802 | Swamp:1  | Noticed Frances
 31817 | Swamp:1  | Killed Frances
 32082 | Swamp:1  | Noticed Roxanne
 33964 | Swamp:3  | Noticed a thorn hunter
 33974 | Swamp:3  | Killed a thorn hunter
 33982 | Swamp:3  | Found a snail-covered altar of Cheibriados.
 34480 | Swamp:4  | Entered Level 4 of the Swamp
 34500 | Swamp:4  | Noticed a thorn hunter
 34514 | Swamp:4  | Killed a thorn hunter
 35084 | Swamp:4  | Noticed a thorn hunter
 35090 | Swamp:4  | Killed from afar by a thorn hunter
 35091 | Swamp:4  | Reached XP level 15. HP: -22/121 MP: 24/24
 35112 | Swamp:4  | Noticed a thorn hunter
 35118 | Swamp:4  | Mangled by an iron troll
 35119 | Swamp:4  | Reached XP level 14. HP: -12/77 MP: 23/23
 35120 | Swamp:4  | Killed a thorn hunter
 35195 | Swamp:4  | Killed a thorn hunter
 35357 | Swamp:4  | Reached XP level 15. HP: 70/81 MP: 24/24
 35577 | Swamp:4  | Got a decaying rune of Zot
 36141 | Spider:1 | Entered Level 1 of the Spider Nest
 36940 | Spider:1 | Noticed Louise
 36954 | Spider:1 | Killed Louise
 39060 | Spider:2 | Noticed Agnes
 39089 | Spider:2 | Blown up by an orb spider

Vault maps used:
D:1:      dpeg_arrival_boxorama, solitary_fountain, kennysheep_another_room,
          minmay_liquid_box, kennysheep_decorative_pillar
D:2:      first_bread, minmay_tromino_v7
D:3:      okawaru_metal_pillars_3
D:4:      uniq_eustachio
D:5:      serial_shops, shop_statue
D:6:      nicolae_qazlal_general_emergency, minmay_misc_feat_doors, uniq_grinder
D:7:      temple_statues, serial_co_window_serial, co_window_paths_b,
          co_window_paths_a, co_window_paths_a, co_window_paths_a,
          co_window_corner_a, co_window_2corner, co_window_paths_c,
          co_window_paths_c, glass_columns_b, glass_columns_c, glass_columns_b,
          glass_columns_a
D:8:      uniq_gastronok
D:9:      uniq_maurice
D:11:     dpeg_oklobed_lair, uniq_erolcha
D:12:     david_orc_2, hangedman_pestilent_swarm, nicolae_elemental_shop
D:13:     serial_shops, bzr_entry_safe, uniq_azrael
D:14:     erik_vaults_2, lemuel_mausoleum_altar_yredelemnul, uniq_sonja
D:15:     gammafunk_depths_entry_grave, evilmike_ruin_ashenzari, serial_shops,
          nicolae_shop_statue_plus, minivault_25
Lair:1:   grunt_megastairs_2
Lair:2:   minmay_lair_oklob_tunnel, minmay_swamp_entry_worms, st_stairs_8,
          roderic_carrion_pond, uniq_urug
Lair:3:   grunt_megastairs_3
Lair:4:   spider_nest_entry_rubble, minivault_26, st_stairs_9
Lair:5:   lemuel_fruit_fields
Lair:6:   cheibrodos_lair_end_hotspot, minmay_slime_entry_jelly_boxes
Swamp:1:  evilmike_swamp_ruin_house_2, swamp_pool4, hangedman_swamp_dais,
          uniq_roxanne, uniq_frances
Swamp:2:  hangedman_swamp_ruin_wall
Swamp:3:  evilmike_swamp_ruin_house_5, swamp_pool4, nicolae_swamp_godswood
Swamp:4:  swamp
Spider:1: uniq_louise
Spider:2: uniq_agnes
Orc:1:    guppyfry_orc_lava_fort
Orc:2:    grunt_orc_community_town_hall, grunt_orc_community_big_house_2,
          grunt_orc_community_big_house_2, grunt_orc_community_house_1,
          grunt_orc_community_house_1, grunt_orc_community_house_2,
          grunt_orc_community_house_2, basic_altar, uniq_rupert
Bazaar:   bazaar_kb_twisted_cavern

Skill      XL: |  1  2  3  4  5  6  7  8  9 10 11 12 13 14 15 16 |
---------------+-------------------------------------------------+-----
Stealth        | 1 2 3 4 5 7 9 10 12 13 15 18 17 | 18.0
Unarmed Combat | 4 5 6 8 9 11 12 13 15 18 17 | 18.1
Fighting       | 4 5 6 7 8 9 11 12 13 | 13.6
Dodging        | 5 6 8 9 10 11 12 14 15 16 | 16.5
Evocations     | 2 7 8 9 10 11 | 11.5

Action                   |  1- 3 |  4- 6 |  7- 9 | 10-12 | 13-15 | 16-18 || total
-------------------------+-------+-------+-------+-------+-------+-------++-------
Melee: Unarmed           |    72 |    67 |   186 |   561 |  1088 |   275 ||  2249
       Bite              |     6 |     6 |    17 |    75 |   161 |    36 ||   301
       Punch             |     2 |     4 |    10 |    41 |   108 |    29 ||   194
Invok: Berserk           |     2 |     5 |     5 |    21 |    47 |    14 ||    94
       Trog's Hand       |       |       |     2 |     7 |    22 |     9 ||    40
       Burn Spellbooks   |       |       |       |     1 |     1 |     1 ||     3
       Brothers in Arms  |       |       |       |       |    12 |     9 ||    21
 Abil: Evoke Flight      |       |       |       |       |     1 |    12 ||    13
Evoke: Wand              |       |       |       |     6 |    13 |     2 ||    21
       Phantom mirror    |       |       |       |       |     1 |       ||     1
  Use: Scroll            |     2 |     5 |     5 |    12 |    15 |     8 ||    47
       Potion            |       |       |       |     8 |    10 |     2 ||    20
 Stab: Sleeping          |     7 |     5 |    17 |    30 |    72 |    14 ||   145
       Distracted        |     2 |       |       |     6 |    17 |     1 ||    26
       Invisible         |       |       |       |     1 |       |       ||     1
       Confused          |       |       |       |       |     1 |       ||     1
       Paralysed         |       |       |       |       |       |     1 ||     1
  Eat: Chunk             |    11 |     8 |    12 |    44 |    74 |    14 ||   163
       Meat ration       |       |       |       |       |     1 |     2 ||     3
Armor: Skin              |     1 |     2 |    11 |    21 |    33 |     6 ||    74
Dodge: Dodged            |    51 |    45 |   129 |   361 |   815 |   300 ||  1701
Block: Other             |       |       |       |    53 |   119 |    44 ||   216

Table legend:
 A = Spawn XP
 B = Non-spawn XP
 C = Spawn XP percentage of total XP
 D = Spawn monster count
 E = Non-spawn monster count
 F = Spawn count percentage of total count
 G = Total turns spent on level
                    A         B        C        D         E        F      G
               +---------+---------+-------+---------+---------+-------+---------
         Total |       0 |  213018 |   0.0 |       0 |     881 |   0.0 | 39089
               +---------+---------+-------+---------+---------+-------+---------
           D:1 |       0 |      16 |   0.0 |       0 |       7 |   0.0 |  1266
           D:2 |       0 |      61 |   0.0 |       0 |      16 |   0.0 |   792
           D:3 |       0 |      54 |   0.0 |       0 |      19 |   0.0 |  1077
           D:4 |       0 |     304 |   0.0 |       0 |      14 |   0.0 |  1009
           D:5 |       0 |     591 |   0.0 |       0 |      14 |   0.0 |  1434
           D:6 |       0 |    1043 |   0.0 |       0 |      20 |   0.0 |   851
           D:7 |       0 |    1020 |   0.0 |       0 |      19 |   0.0 |  1584
           D:8 |       0 |    5024 |   0.0 |       0 |      16 |   0.0 |  1433
           D:9 |       0 |    2727 |   0.0 |       0 |      26 |   0.0 |  1277
          D:10 |       0 |    5817 |   0.0 |       0 |      37 |   0.0 |  1860
          D:11 |       0 |    4290 |   0.0 |       0 |      18 |   0.0 |  1283
          D:12 |       0 |    9557 |   0.0 |       0 |      42 |   0.0 |  1757
          D:13 |       0 |    8706 |   0.0 |       0 |      37 |   0.0 |   970
          D:14 |       0 |   11529 |   0.0 |       0 |      49 |   0.0 |  1211
          D:15 |       0 |   20604 |   0.0 |       0 |      56 |   0.0 |  1594
        Lair:1 |       0 |    1576 |   0.0 |       0 |       8 |   0.0 |   978
        Lair:2 |       0 |    9279 |   0.0 |       0 |      41 |   0.0 |  1783
        Lair:3 |       0 |    8267 |   0.0 |       0 |      27 |   0.0 |  1875
        Lair:4 |       0 |    5484 |   0.0 |       0 |      12 |   0.0 |   874
        Lair:5 |       0 |    2577 |   0.0 |       0 |       6 |   0.0 |   861
        Lair:6 |       0 |   19034 |   0.0 |       0 |      76 |   0.0 |  2516
       Swamp:1 |       0 |   20324 |   0.0 |       0 |      52 |   0.0 |  1486
       Swamp:2 |       0 |   10683 |   0.0 |       0 |      35 |   0.0 |  1202
       Swamp:3 |       0 |    2479 |   0.0 |       0 |       4 |   0.0 |   816
       Swamp:4 |       0 |   27246 |   0.0 |       0 |      60 |   0.0 |  1406
      Spider:1 |       0 |   12008 |   0.0 |       0 |      35 |   0.0 |  2912
      Spider:2 |       0 |    3035 |   0.0 |       0 |       7 |   0.0 |    36
         Orc:1 |       0 |    7879 |   0.0 |       0 |      23 |   0.0 |  1010
         Orc:2 |       0 |   11804 |   0.0 |       0 |     105 |   0.0 |  1854
               +---------+---------+-------+---------+---------+-------+---------
